 Dungeon Crawl Stone Soup version 0.26-a0-606-g3c8f2f6 (webtiles) character file.

Game seed: 9078329906799490143

53 silenth the Covert (level 3, -2/35 HPs)
             Began as a Gnoll Delver on Sept 1, 2020.
             Slain by an orc wizard
             ... wielding a +0 dagger
              (3 damage)
             ... on level 4 of the Dungeon.
             The game lasted 00:00:56 (401 turns).

silenth the Covert (Gnoll Delver)                    Turns: 401, Time: 00:00:57

Health: -2/35      AC:  3    Str: 14    XL:     3   Next: 89%
Magic:  3/4        EV: 14    Int: 13    God:
Gold:   0          SH:  0    Dex: 16    Spells: 4/4 levels left

rFire    . . .     SeeInvis .   a - +0 falchion
rCold    . . .     Faith    .   (no shield)
rNeg     . . .     Spirit   .   b - +0 leather armour
rPois    .         Reflect  .   (no helmet)
rElec    .         Harm     .   (no cloak)
rCorr    .                      (no gloves)
MR       .....                  (no boots)
Stlth    ++++......             (no amulet)
HPRegen  0.11/turn              (no ring)
MPRegen  0.09/turn              (no ring)

@: no status effects
A: distributed training, fangs 1, strong nose
a: no special abilities


You were on level 4 of the Dungeon.
You visited 1 branch of the dungeon, and saw 2 of its levels.

Inventory:

Hand Weapons
 a - a +0 falchion (weapon)
Armour
 b - a +0 leather armour (worn)
Wands
 g - a wand of digging (11)
Scrolls
 c - a scroll of fog
 d - a scroll of magic mapping
 e - a scroll of fear
Potions
 f - a potion of haste


   Skills:
 + Level 6.5 Fighting
 + Level 1.0 Short Blades
 + Level 4.6 Long Blades
 + Level 1.0 Axes
 + Level 1.0 Maces & Flails
 + Level 1.0 Polearms
 + Level 1.0 Staves
 + Level 1.0 Slings
 + Level 1.0 Bows
 + Level 1.0 Crossbows
 + Level 1.0 Throwing
 + Level 1.0 Armour
 + Level 4.6 Dodging
 + Level 9.5 Stealth
 + Level 1.0 Shields
 + Level 1.0 Unarmed Combat
 + Level 1.0 Spellcasting
 + Level 0.7 Conjurations
 + Level 0.7 Hexes
 + Level 0.7 Summonings
 + Level 0.7 Necromancy
 + Level 0.7 Translocations
 + Level 0.7 Transmutations
 + Level 0.7 Fire Magic
 + Level 0.7 Ice Magic
 + Level 0.7 Air Magic
 + Level 0.7 Earth Magic
 + Level 0.7 Poison Magic
 + Level 1.0 Invocations
 + Level 1.0 Evocations


You had 4 spell levels left.
You didn't know any spells.
Your spell library was empty.

Dungeon Overview and Level Annotations

Branches:
Dungeon (5/15)
 Temple: D:4-7

Altars:
Okawaru


Innate Abilities, Weirdness & Mutations

Your experience applies equally to all skills.
You have very sharp teeth.
Your uncanny sense of smell can sniff out nearby items.


Message History

* * * LOW HITPOINT WARNING * * *
The orc wizard hits you with a +0 dagger.
* * * LOW HITPOINT WARNING * * *
You hit the orc wizard.
The orc wizard is severely wounded.
The orc wizard hits you but does no damage.
You hit the orc wizard but do no damage.
The orc wizard is severely wounded.
The orc wizard hits you with a +0 dagger.
* * * LOW HITPOINT WARNING * * *
The orc wizard completely misses you.
You hit the orc wizard but do no damage.
You bite the orc wizard, but do no damage.
The orc wizard is severely wounded.
The orc wizard hits you with a +0 dagger.
* * * LOW HITPOINT WARNING * * *
You hit the orc wizard.
The orc wizard is almost dead.
The orc wizard hits you with a +0 dagger.
You die...

......................
..###...............###
............>........a.
.#####.####........###
#.# #...###### #.#
#...# #####[# #...#
...#.####...#
#.#.@..#...#
#.#..o####...# #.....#
#...# #####.# #...# #.#
##### #..........#
#..........#
#..........#
######.###...


You could see an orc wizard (fast).

Vanquished Creatures
  A centaur zombie (D:4)
  2 adders
  2 orcs (D:4)
5 creatures vanquished.

Notes
Turn   | Place    | Note
-------+----------+-------------------------------------------
     0 | D:5      | Reached skill level 9 in Stealth
     0 | D:5      | silenth the Gnoll Delver began the quest for the Orb.
     0 | D:5      | Reached XP level 1. HP: 23/23 MP: 1/1
    18 | D:5      | Reached XP level 2. HP: 10/29 MP: 2/2
    40 | D:5      | HP: 2/29 [poisoned by an adder]
    44 | D:4      | Found an iron altar of Okawaru.
   387 | D:4      | Reached skill level 1 in Short Blades
   387 | D:4      | Reached skill level 1 in Axes
   387 | D:4      | Reached skill level 1 in Maces & Flails
   387 | D:4      | Reached skill level 1 in Polearms
   387 | D:4      | Reached skill level 1 in Staves
   387 | D:4      | Reached skill level 1 in Slings
   387 | D:4      | Reached skill level 1 in Bows
   387 | D:4      | Reached skill level 1 in Crossbows
   387 | D:4      | Reached skill level 1 in Throwing
   387 | D:4      | Reached skill level 1 in Armour
   387 | D:4      | Reached skill level 1 in Shields
   387 | D:4      | Reached skill level 1 in Unarmed Combat
   387 | D:4      | Reached skill level 1 in Spellcasting
   387 | D:4      | Reached skill level 1 in Invocations
   387 | D:4      | Reached skill level 1 in Evocations
   387 | D:4      | Reached XP level 3. HP: 18/35 MP: 2/4
   400 | D:4      | HP: 1/35 [orc wizard/+0 dagger (3)]
   401 | D:4      | Slain by an orc wizard

Illustrated notes

Levels and vault maps discovered:
D:4:      cheibrodos_quashed, layout_basic, okawaru_trees_1, serial_shops, shop,
          lemuel_blue_sif_altar, uniq_blork_the_orc
D:5:      minmay_diamond_boxcup, layout_rooms, nicolae_overflow_hidden_temple,
          hangedman_abyss_or_decor_passed, nemelex_xobeh_ov_fountains_minmay,
          uniq_crazy_yiuf_cottage

Skill      XL: |  1  2 |
---------------+-------+-----
Stealth        | |  9.5
Short Blades   | 1 |  1.0
Axes           | 1 |  1.0
Maces & Flails | 1 |  1.0
Polearms       | 1 |  1.0
Staves         | 1 |  1.0
Slings         | 1 |  1.0
Bows           | 1 |  1.0
Crossbows      | 1 |  1.0
Throwing       | 1 |  1.0
Armour         | 1 |  1.0
Shields        | 1 |  1.0
Unarmed Combat | 1 |  1.0
Spellcasting   | 1 |  1.0
Invocations    | 1 |  1.0
Evocations     | 1 |  1.0
Fighting       | |  6.5
Long Blades    | |  4.6
Dodging        | |  4.6
Conjurations   | |  0.7
Hexes          | |  0.7
Summonings     | |  0.7
Necromancy     | |  0.7
Translocations | |  0.7
Transmutations | |  0.7
Fire Magic     | |  0.7
Ice Magic      | |  0.7
Air Magic      | |  0.7
Earth Magic    | |  0.7
Poison Magic   | |  0.7

Action                   || total
-------------------------++-------
Melee: Falchion          ||    27
       Bite              ||     7
Armor: Leather armour    ||     5
Dodge: Dodged            ||    19
       Rpst.: Falchion   ||     9

Table legend: (Time is in decaauts)
 A = Elapsed time spent in this place.
 B = Non-inter-level travel time spent in this place.
 C = Inter-level travel time spent in this place.
 D = Time resting spent in this place.
 E = Time spent auto-exploring this place.
 F = Levels seen in this place.
 G = Mean time per level.
                   A        B        C        D        E       F      G
               +--------+--------+--------+--------+--------+-----+--------+
         Total |    402 |    402 |      0 |    291 |      0 |   2 |  201.0 |
       Dungeon |    402 |    402 |      0 |    291 |      0 |   2 |  201.0 |
               +--------+--------+--------+--------+--------+-----+--------+

Top non-repeatable levels by time:
     D:4: 358 daAuts
     D:5: 44 daAuts
